 Dungeon Crawl Stone Soup version 0.26-a0-662-g8b9c6dab81 (webtiles) character file.

Game seed: 9386854247844802374

5714 Wiggles the Cleaver (level 10, -6/92 HPs)
             Began as a Minotaur Berserker on Oct 9, 2020.
             Was a High Priest of Trog.
             Killed from afar by an electric eel (7 damage)
             ... with a bolt of electricity
             ... on level 10 of the Dungeon.
             The game lasted 00:12:34 (8336 turns).

Wiggles the Cleaver (Minotaur Berserker)            Turns: 8336, Time: 00:12:35

Health: -6/92      AC: 18    Str: 31    XL:     10   Next: 48%
Magic:  9/9        EV: 11    Int:  4    God:    Trog [*****.]
Gold:   601        SH:  0    Dex: 10    Spells: 9/9 levels left

rFire    . . .     SeeInvis .   y - +0 broad axe
rCold    . . .     Faith    +   (no shield)
rNeg     . . .     Spirit   .   H - +0 plate armour
rPois    .         Reflect  .   (helmet restricted)
rElec    .         Harm     .   (no cloak)
rCorr    .         Rampage  .   e - +1 pair of gloves
MR       ++...                  l - +0 pair of boots
Stlth    ..........             a - amulet of faith
HPRegen  1.25/turn              h - +6 ring of strength
MPRegen  0.11/turn              w - +4 ring of slaying

@: berserk cooldown, regenerating, slowed, very slow
A: retaliatory headbutt, horns 2
a: Berserk, Trog's Hand, Brothers in Arms, Renounce Religion


You were on level 10 of the Dungeon.
You worshipped Trog.
Trog was extremely pleased with you.
You visited 1 branch of the dungeon, and saw 10 of its levels.
You also visited: Ossuary.

You collected 689 gold pieces.
You spent 88 gold pieces at shops.

Inventory:

Hand Weapons
 y - a +0 broad axe (weapon)
Armour
 e - a +1 pair of gloves (worn)
 l - a +0 pair of boots (worn)
 H - a +0 plate armour (worn)
Jewellery
 a - an amulet of faith (around neck)
 h - a +6 ring of strength (left hand)
 w - a +4 ring of slaying (right hand)
 B - an uncursed ring of positive energy
 I - the ring "Enocwiebb" {rF+ rN+ SInv Stlth-, unknown}
   (You found it on level 9 of the Dungeon)

   [ring of attention]

   It protects you from fire.
   It protects you from negative energy.
   It lets you see invisible.
   It makes you less stealthy.
Wands
 G - a wand of flame (17)
Scrolls
 b - 4 scrolls of amnesia {unknown}
 c - 4 scrolls of identify
 d - 10 scrolls of remove curse
 g - a scroll of immolation {unknown}
 k - 3 scrolls of fear {unknown}
 p - 2 scrolls of fog {unknown}
 s - 3 scrolls of magic mapping
 u - 5 scrolls of teleportation {unknown}
 v - 2 scrolls of enchant armour {unknown}
 z - 3 scrolls of enchant weapon {unknown}
 A - a scroll of silence {unknown}
Potions
 f - 6 potions of curing {unknown}
 i - a potion of ambrosia {unknown}
 j - 3 potions of haste {unknown}
 m - a potion of resistance {unknown}
 n - 3 potions of mutation {unknown}
 o - 6 potions of brilliance {unknown}
 q - 4 potions of lignification {unknown}
 r - a potion of invisibility {unknown}
 t - a potion of berserk rage {unknown}
 x - 5 potions of heal wounds {unknown}
 C - 2 potions of flight {unknown}
 D - 2 potions of cancellation {unknown}
 E - 4 potions of degeneration {unknown}
 F - a potion of stabbing {unknown}


   Skills:
 + Level 9.7 Fighting
 * Level 11.1 Axes
 + Level 9.4 Armour
 + Level 8.6 Dodging


You had 9 spell levels left.
You didn't know any spells.
Your spell library was empty.

Dungeon Overview and Level Annotations

Branches:
Dungeon (10/15)            Temple (0/1) D:6            Lair (0/6) D:10
Ossuary (visited)
    Orc: D:9-12

Altars:
Ashenzari
Cheibriados
Elyvilon
Fedhas
Gozag
Hepliaklqana
Makhleb
Nemelex Xobeh
Qazlal
Ru
Trog
Uskayaw
Vehumet
Yredelemnul
The Shining One

Shops:
D:4 (   D:5 }:}[(


Innate Abilities, Weirdness & Mutations

You reflexively headbutt those who attack you in melee.
You have a pair of horns on your head.


Message History

The electric eel shoots out a bolt of lightning at you!
The bolt of electricity hits you.
* * * LOW HITPOINT WARNING * * *
The gnoll misses you.
A gnoll comes into view. It is wielding a +0 halberd.
You closely miss the gnoll. You closely miss the worker ant.
The worker ant bites you but does no damage.
The gnoll misses you. You furiously retaliate!
You headbutt the gnoll!
You kill the gnoll!
Trog accepts your kill.
The worker ant bites you but does no damage.
Your skin crawls.
You feel resistant to hostile enchantments.
The worker ant closely misses you.
An electric eel comes into view.
The electric eel shoots out a bolt of lightning at you!
The bolt of electricity hits you.
* * * LOW HITPOINT WARNING * * *
The bolt of electricity hits you!
You die...

..≈≈≈≈≈≈....≈≈≈.
.^.≈≈;≈≈.≈.≈.≈≈≈≈
...≈≈≈g≈≈≈≈≈≈≈≈..
..≈..≈≈≈≈≈≈≈≈≈..
#...≈;≈≈g.≈≈≈≈≈
#..≈≈≈≈.≈≈.....
#.....g≈.≈....≈
#........≈.....
#...@).........
######B.##.####.
##.....††...##
#............##
.......)......#
....$..†>.....#
.......<[.....#
......††.......
...............


You could see a gnoll sergeant, a worker ant, 2 electric eels and 2 gnolls.

Vanquished Creatures
  A two-headed ogre (D:9)
  Pikel (D:8)
  A troll (D:10)
  Menkaure (D:6)
  A water moccasin (D:7)
  2 hornet zombies
  4 sky beasts
  2 orc warriors
  An ice beast (D:6)
  2 necrophages
  2 phantoms
  4 ogres
  3 wolves (D:10)
  A centaur (D:7)
  2 bullfrogs (D:9)
  4 water moccasin zombies
  3 scorpions
  4 killer bees (D:10)
  An electric eel (D:10)
  A centaur zombie (D:10)
  3 howler monkeys (D:8)
  A quasit (D:8)
  2 bullfrog zombies
  7 hounds
  2 jellies
  An orc priest (D:8)
  10 orc wizards
  An iguana (D:9)
  7 worker ants
  A killer bee zombie (D:6)
  3 big kobold zombies (Ossuary)
  A hound zombie (D:6)
  2 hound skeletons
  2 mummies (Ossuary)
  8 gnolls
  7 adders
  4 shadow imps
  3 oozes
  4 adder skeletons
  4 adder zombies
  2 worms
  2 dart slugs
  5 leopard geckos
  30 orcs
  9 bats
  5 giant cockroaches
  3 gnoll zombies (Ossuary)
  8 goblins
  7 hobgoblins
  6 jackals
  7 kobolds
  3 quokkas
  A ball python zombie (D:5)
  10 frilled lizards
  6 hobgoblin zombies (Ossuary)
  A jackal skeleton (D:6)
  5 kobold zombies (Ossuary)
  3 orc zombies (Ossuary)
  15 rats
242 creatures vanquished.

Vanquished Creatures (collateral kills)
  An orc warrior (D:8)
  A centaur (D:8)
  A lemure (D:8)
  A howler monkey (D:8)
  A jelly (D:8)
  An orc (D:8)
6 creatures vanquished.

Vanquished Creatures (others)
  3 fungi (D:2)
  4 plants
  4 toadstools (D:2)
  2 withered plants (D:6)
13 creatures vanquished.

Grand Total: 261 creatures vanquished

Notes
Turn   | Place    | Note
-------+----------+-------------------------------------------
     0 | D:1      | Wiggles the Minotaur Berserker began the quest for the Orb.
     0 | D:1      | Reached XP level 1. HP: 19/19 MP: 0/0
    59 | D:1      | Reached XP level 2. HP: 18/27 MP: 1/1
   266 | D:1      | Reached skill level 4 in Axes
   454 | D:1      | Reached XP level 3. HP: 29/33 MP: 2/2
   594 | D:1      | Reached ** piety under Trog
  1140 | D:2      | Found a white marble altar of Elyvilon.
  1144 | D:2      | Found a broken altar of Ashenzari.
  1176 | D:2      | Found a basalt altar of Yredelemnul.
  1945 | D:3      | Reached XP level 4. HP: 35/41 MP: 3/3
  2095 | D:3      | Found a hide-covered altar of Uskayaw.
  2651 | D:4      | Noticed an ogre
  2657 | D:4      | Killed an ogre
  2657 | D:4      | Reached XP level 5. HP: 47/47 MP: 4/4
  2675 | D:4      | Reached skill level 5 in Fighting
  2675 | D:4      | Reached skill level 5 in Axes
  2682 | D:4      | Reached XP level 6. HP: 56/56 MP: 5/5
  3011 | D:4      | Reached *** piety under Trog
  3018 | D:4      | Found Kisedghu's Antique Weapon Emporium.
  3023 | D:4      | Bought a broad axe for 88 gold pieces
  3233 | D:4      | Found a sacrificial altar of Ru.
  3485 | D:5      | Entered Level 5 of the Dungeon
  3485 | D:5      | Found Hakhoawk's Book Boutique.
  3491 | D:5      | Reached skill level 5 in Armour
  3501 | D:5      | Reached XP level 7. HP: 40/62 MP: 6/6
  3755 | D:5      | Found Jipoaste's Antique Weapon Shop.
  3800 | D:5      | Found Seog's Antique Armour Shop.
  3802 | D:5      | Found Uteuf's Gadget Emporium.
  3887 | D:5      | Found an opulent altar of Gozag.
  3899 | D:5      | Reached skill level 6 in Axes
  4028 | D:5      | Found Paaptos's Gadget Boutique.
  4061 | D:5      | Reached skill level 5 in Dodging
  4118 | D:5      | Reached **** piety under Trog
  4180 | D:5      | Found a stormy altar of Qazlal.
  4287 | D:5      | Reached XP level 8. HP: 52/71 MP: 7/7
  4455 | D:5      | Found a radiant altar of Vehumet.
  4932 | D:6      | Found a sparkling altar of Nemelex Xobeh.
  4959 | D:6      | Found a hazy altar of Hepliaklqana.
  5009 | D:6      | Noticed Menkaure
  5013 | D:6      | Killed Menkaure
  5013 | D:6      | Reached skill level 7 in Axes
  5182 | D:6      | Found a blossoming altar of Fedhas.
  5449 | D:6      | Found a bloodstained altar of Trog.
  5595 | D:6      | Found a staircase to the Ecumenical Temple.
  5796 | D:7      | Found a sand-covered staircase.
  5802 | Ossuary  | Entered an ossuary
  5824 | Ossuary  | Reached ***** piety under Trog
  5854 | Ossuary  | Reached XP level 9. HP: 75/81 MP: 8/8
  5908 | Ossuary  | Received a gift from Trog
  5927 | Ossuary  | Reached skill level 8 in Axes
  6102 | D:7      | Found a sacrificial altar of Ru.
  6169 | D:7      | Found a sparkling altar of Nemelex Xobeh.
  6352 | D:7      | Found a snail-covered altar of Cheibriados.
  6648 | D:8      | Noticed Pikel
  6653 | D:8      | Reached skill level 9 in Axes
  6654 | D:8      | Killed Pikel
  6926 | D:8      | Found a burning altar of Makhleb.
  6926 | D:8      | Noticed a cacodemon
  7371 | D:9      | Got a glittering tin ring
  7414 | D:9      | Noticed a two-headed ogre
  7423 | D:9      | Killed a two-headed ogre
  7423 | D:9      | Reached skill level 10 in Axes
  7423 | D:9      | Reached XP level 10. HP: 29/91 MP: 9/9
  7933 | D:9      | Found a glowing golden altar of the Shining One.
  8289 | D:10     | Entered Level 10 of the Dungeon
  8316 | D:10     | Received a gift from Trog
  8326 | D:10     | Reached skill level 11 in Axes
  8327 | D:10     | Found a staircase to the Lair.
  8334 | D:10     | HP: 4/92 [electric eel/bolt of electricity (6)]
  8336 | D:10     | HP: 1/92 [electric eel/bolt of electricity (5)]
  8336 | D:10     | Killed from afar by an electric eel

Illustrated notes

Levels and vault maps discovered:
D:1:      lightli_arrival_noodles, layout_basic
D:2:      layout_loops_ring, yredelemnul_altar_generic,
          grunt_temple_overflow_open, minmay_gold_behind_fungi, hex_medium
D:3:      layout_basic, eat_drink_and_be_merry_uskayaw
D:4:      layout_basic, lemuel_round_altar, serial_shops, kennysheep_little_box
D:5:      layout_basic, lemuel_round_altar, lemuel_coloured_pillars_altar,
          vehumet_crystals, serial_shops, shop, shop, nicolae_shop_statue_plus,
          nicolae_shop_stone, nicolae_shop_overgrown_old_shop
D:6:      layout_basic, fedhas_altar_1, lemuel_crystal_altar, temple_hall_moat,
          serial_undead, serial_undead_e, serial_undead_b, serial_undead_d,
          serial_undead_d, serial_undead_c, basic_altar, glass_columns_a,
          bloody_trog, uniq_menkaure
D:7:      wander_river, layout_basic, marbit_many_paths,
          nemelex_xobeh_ov_fountains_minmay, nicolae_ossuary_entry_plus,
          nicolae_ru_awakened_eye
D:8:      layout_rooms, makhleb_altar_promises_db, bh_walls_and_bars, uniq_pikel
D:9:      layout_loops_cross, lemuel_doored_altar, serial_bayou_pond_e
D:10:     layout_rooms, erik_lair_island, enter_bailey_3, grunt_ministairs_14

Skill      XL: |  1  2  3  4  5  6  7  8  9 10 |
---------------+-------------------------------+-----
Axes           | 4 5 6 7 10 11 | 11.1
Fighting       | 4 5 6 7 9 |  9.7
Armour         | 3 4 5 6 7 8 9 |  9.4
Dodging        | 3 4 5 6 8 |  8.6

Action                   |  1- 3 |  4- 6 |  7- 9 | 10-12 || total
-------------------------+-------+-------+-------+-------++-------
Melee: Hand axe          |    99 |    19 |       |       ||   118
       Headbutt          |    15 |    13 |    45 |    10 ||    83
       War axe           |       |    27 |       |       ||    27
       Broad axe         |       |    32 |   210 |    51 ||   293
Invok: Berserk           |     1 |     1 |     2 |     1 ||     5
       Trog's Hand       |       |       |     1 |     2 ||     3
       Brothers in Arms  |       |       |     1 |       ||     1
  Use: Scroll            |       |       |     5 |       ||     5
Armor: Animal skin       |     3 |       |       |       ||     3
       Leather armour    |     8 |       |       |       ||     8
       Ring mail         |    22 |    40 |    12 |       ||    74
       Chain mail        |       |       |    85 |       ||    85
       Plate armour      |       |       |    10 |    48 ||    58
Dodge: Dodged            |    76 |    63 |   142 |    46 ||   327

Table legend: (Time is in decaauts)
 A = Elapsed time spent in this place.
 B = Non-inter-level travel time spent in this place.
 C = Inter-level travel time spent in this place.
 D = Time resting spent in this place.
 E = Time spent auto-exploring this place.
 F = Levels seen in this place.
 G = Mean time per level.
                   A        B        C        D        E       F      G
               +--------+--------+--------+--------+--------+-----+--------+
         Total |   8500 |   8191 |    309 |      0 |   6871 |  11 |  772.7 |
       Dungeon |   8304 |   7995 |    309 |      0 |   6756 |  10 |  830.4 |
       Ossuary |    195 |    195 |      0 |      0 |    115 |   1 |  195.0 |
               +--------+--------+--------+--------+--------+-----+--------+

Top non-repeatable levels by time:
     D:5: 1140 daAuts
     D:6: 1137 daAuts
     D:9: 1124 daAuts
     D:1: 1019 daAuts
     D:3: 938 daAuts
     D:4: 869 daAuts
     D:7: 732 daAuts
     D:2: 700 daAuts
     D:8: 590 daAuts
 Ossuary: 195 daAuts
    D:10: 53 daAuts
